 Dungeon Crawl Stone Soup version 0.28-a0-998-gb9e9c7b67e (webtiles) character file.

Game seed: 12375951446724308

1365 ytrimaz the Insei (level 8, -1/54 HPs)
             Began as an Octopode Transmuter on Dec 5, 2021.
             Was an Elder of Cheibriados.
             Shot with an arrow by a centaur (10 damage)
             ... on level 6 of the Dungeon.
             The game lasted 00:08:09 (6156 turns).

ytrimaz the Insei (Octopode Transmuter)             Turns: 6156, Time: 00:08:09

Health: -1/54      AC:  2    Str: 18    XL:     8   Next: 65%
Magic:  15/16      EV: 24    Int: 27    God:    Cheibriados [****..]
Gold:   341        SH:  0    Dex: 26    Spells: 13/17 levels left

rFire   . . .      SeeInvis .     - Unarmed
rCold   + . .      Faith    .   (shield currently unavailable)
rNeg    + . .      Spirit   .   (helmet currently unavailable)
rPois   x          Reflect  .   (no amulet)
rElec   .          Harm     .   c - ring of willpower
rCorr   .          Rampage  .   d - ring of protection from cold
Will    +....                   a - ring of positive energy
Stlth   ++........              e - +4 ring of evasion
HPRegen 0.18/turn               (no ring)
MPRegen 0.15/turn               (no ring)
                                (no ring)
                                (no ring)

@: spider-form, very slow
A: venomous fangs, almost no armour, (amphibious), 8 rings, tiny, (camouflage
1), (gelatinous body 1), (nimble swimmer 1), (tentacles)
a: End Transformation, Renounce Religion, Bend Time, Temporal Distortion, Slouch


You were on level 6 of the Dungeon.
You worshipped Cheibriados.
Cheibriados was greatly pleased with you.
You were a venomous arachnid creature.
You visited 2 branches of the dungeon, and saw 7 of its levels.

You collected 341 gold pieces.

Inventory:

Jewellery
 a - a ring of positive energy (on tentacle)
 c - a ring of willpower (left front leg)
 d - a ring of protection from cold (right front leg)
 e - a +4 ring of evasion (on tentacle)
Scrolls
 f - a scroll of vulnerability
 g - a scroll of blinking
 j - 2 scrolls of holy word {unknown}
Potions
 b - 2 potions of flight
 h - a potion of invisibility
 i - a potion of lignification {unknown}
 k - a potion of attraction {unknown}


   Skills:
 * Level 3.9 Fighting
 - Level 2.0 Dodging
 + Level 6.2 Unarmed Combat
 * Level 5.4 Spellcasting
 * Level 5.6 Transmutations


You had 13 spell levels left.
You knew the following spells:

 Your Spells              Type           Power      Damage    Failure   Level
a - Beastly Appendage     Tmut           74%        N/A       4%          1
b - Spider Form           Tmut/Pois      22%        N/A       17%         3

Your spell library contained the following spells:

 Spells                   Type           Power      Damage    Failure   Level
 Wereblood                Tmut           37%        N/A       5%          2
 Slow                     Hex            28%        N/A       19%         1
 Blink                    Tloc           14%        N/A       26%         2
 Scorch                   Fire           14%        2d5       26%         2
 Confusing Touch          Hex            7%         N/A       41%         3
 Gell's Gravitas          Tloc           7%         N/A       41%         3
 Lesser Beckoning         Tloc           7%         N/A       41%         3
 Teleport Other           Tloc           7%         N/A       41%         3
 Vampiric Draining        Necr           7%         2d6       41%         3
 Ice Form                 Ice/Tmut       22%        N/A       43%         4
 Flame Wave               Conj/Fire      7%         2d4       77%         4
 Fireball                 Conj/Fire      3%         3d4       96%         5
 Iskenderun's Battlesphe  Conj           7%         2d6       96%         5
 Manifold Assault         Tloc           7%         N/A       96%         5
 Conjure Ball Lightning   Conj/Air       3%         3x3d6     100%        6
 Dispersal                Tloc           3%         N/A       100%        6
 Summon Cactus Giant      Summ           3%         N/A       100%        6
 Orb of Destruction       Conj           3%         9d1       100%        7


Dungeon Overview and Level Annotations

Branches:
Dungeon (6/15)             Temple (1/1) D:4

Altars:
Ashenzari
Cheibriados
Dithmenos
Elyvilon
Fedhas
Gozag
Hepliaklqana
Kikubaaqudgha
Makhleb
Nemelex Xobeh
Okawaru
Qazlal
Ru
Sif Muna
Trog
Uskayaw
Vehumet
Wu Jian
Xom
Yredelemnul
Zin
The Shining One

Shops:
D:5 (


Innate Abilities, Weirdness & Mutations

You are a venomous arachnid creature.
You have poisonous fangs.
You are tiny and dextrous.
Your spellcasting is less reliable in this form.
Your armour is entirely melded.
You are incapable of wielding weapons or throwing items.
You cannot wear most types of armour.
((You are amphibious.))
You can wear up to eight rings at the same time.
((Your skin changes colour to match your surroundings (Stealth+).))
((Your rubbery body absorbs attacks. (AC +1, EV +1)))
((You are camouflaged near water. (Stealth+)))
((You have tentacles for arms and can constrict up to eight enemies at once.))


Message History

There are monsters nearby!
Casting: Beastly Appendage (safe; 1% risk of failure)
Confirm with . or Enter, or press ? or * to list all spells.
You turn into a venomous arachnid creature.
The centaur shouts!
You hear a shout!
The centaur wields a +0 shortbow.
The centaur shoots an arrow.
The arrow completely misses you.
A sky beast comes into view.
The sky beast flickers out of sight!
Deactivating autopickup; reactivate with Ctrl-A.
The orc wizard gestures wildly while chanting.
The orc wizard flickers and vanishes!
The centaur shoots an arrow.
The arrow closely misses you.
The centaur shoots an arrow.
The arrow misses you. The troll closely misses you. The troll claws you.
The troll misses you.
The centaur shoots an arrow.
The arrow hits you! The troll barely misses you.
The troll completely misses you. x2; The centaur shoots an arrow.
The arrow misses you.
The centaur shoots an arrow.
The arrow closely misses you.
The centaur shoots an arrow.
The arrow misses you. The troll closely misses you. The troll misses you.
The troll barely misses you.
You bite the troll!
The troll is poisoned.
The troll is lightly wounded.
The centaur shoots an arrow.
The arrow closely misses you.
You barely miss the troll.
The troll is lightly wounded.
The troll bites you! The troll claws you! The troll closely misses you.
The centaur shoots an arrow.
You hit the troll.
The troll looks as sick as possible!
The troll is moderately wounded.
The troll completely misses you. The troll barely misses you.
The troll claws you!
* * * LOW HITPOINT WARNING * * *
The centaur shoots an arrow.
The arrow completely misses you.
Unknown command.
You completely miss the troll.
The troll is moderately wounded.
The centaur shoots an arrow.
The arrow hits you!
You die...

#.##.####...... ..
#.## #.....>
..###..#####.##.
#............
#.#.####..#..
##.#...##.##.#
####..###.##.#..#
##....## #........
##s[#######......#.
###T.####.........##.
#...####..#.####.###.
#.#c.....#..# #..# ##
##...######.####.##
##...## #.#....#
#...## ##...####
#.....# #...##
#.##.## ##..##


You could see a troll (extremely poisoned) and a centaur.

Vanquished Creatures
  Grinder (D:4)
  A black bear (D:6)
  A sky beast (D:5)
  2 centaurs (D:6)
  3 ogres
  2 scorpions
  2 bullfrog skeletons (D:5)
  4 hounds
  An iguana (D:5)
  A scorpion zombie (D:5)
  Robin (D:2)
  4 gnolls
  6 adders
  An ufetubus (D:5)
  An adder zombie (D:5)
  An adder skeleton (D:4)
  2 worms (D:4)
  5 dart slugs
  4 orcs
  8 ball pythons
  4 bats
  3 endoplasms
  5 giant cockroaches
  17 goblins
  9 hobgoblins
  3 jackals (D:5)
  3 quokkas
  5 frilled lizards
  7 kobolds
  4 rats
111 creatures vanquished.

Notes
Turn   | Place    | Note
-------+----------+-------------------------------------------
     0 | D:1      | ytrimaz the Octopode Transmuter began the quest for the
                  | Orb.
     0 | D:1      | Reached XP level 1. HP: 13/13 MP: 3/3
   220 | D:1      | Reached XP level 2. HP: 9/18 MP: 3/5
   611 | D:1      | Found a faded altar of an unknown god.
   641 | D:1      | Prayed at the altar of an unknown god.
   641 | D:1      | Became a worshipper of Cheibriados the Contemplative
   641 | D:1      | Reached * piety under Cheibriados
   795 | D:1      | Reached XP level 3. HP: 23/23 MP: 4/6
  1266 | D:2      | Reached XP level 4. HP: 29/29 MP: 6/8
  1290 | D:2      | Noticed Robin
  1297 | D:2      | Killed Robin
  1303 | D:2      | Reached ** piety under Cheibriados
  1900 | D:2      | Learned a level 3 spell: Spider Form
  2237 | D:3      | Reached XP level 5. HP: 34/34 MP: 7/9
  2324 | D:3      | Reached skill level 4 in Unarmed Combat
  2927 | D:4      | Found a staircase to the Ecumenical Temple.
  2936 | D:4      | Reached *** piety under Cheibriados
  2940 | Temple   | Entered the Ecumenical Temple
  3662 | D:4      | Found a white marble altar of Elyvilon.
  3736 | D:4      | Reached XP level 6. HP: 26/39 MP: 11/11
  4473 | D:4      | Noticed Grinder
  4483 | D:4      | Paralysed by Grinder for 7 turns
  4495 | D:4      | Killed Grinder
  4496 | D:4      | Reached XP level 7. HP: 31/45 MP: 11/13
  4820 | D:5      | Entered Level 5 of the Dungeon
  5102 | D:5      | Reached skill level 5 in Unarmed Combat
  5425 | D:5      | Reached **** piety under Cheibriados
  5517 | D:5      | Reached XP level 8. HP: 46/52 MP: 12/15
  5566 | D:5      | Found Wuan's Weapon Emporium.
  5590 | D:5      | Reached skill level 5 in Spellcasting
  5590 | D:5      | Reached skill level 5 in Transmutations
  5906 | D:6      | Reached skill level 6 in Unarmed Combat
  6144 | D:6      | Noticed a troll
  6156 | D:6      | Shot with an arrow by a centaur

Illustrated notes

Levels and vault maps discovered:
D:1:      dpeg_arrival_short_road, layout_loops_ring,
          hellmonk_ecumenical_altar_crossroads
D:2:      layout_basic, serial_curves, eino_curves_04, eino_curves_02,
          kennysheep_path_1, uniq_robin
D:3:      layout_basic, minmay_circle_x
D:4:      layout_basic, elyvilon_altar_4, minmay_temple_entry_mist,
          serial_forest, infiniplex_forest_clump_small, infiniplex_forest_3_way,
          infiniplex_forest_clump_tiny, infiniplex_forest_lined_room_,
          infiniplex_forest_straight_4, infiniplex_forest_lined_4_way,
          uniq_grinder
D:5:      layout_rooms, serial_shops, shop, kennysheep_generic_room_8
D:6:      layout_rooms, minmay_ruined_shrine
Temple:   nicolae_temple_the_god_donut

Skill      XL: |  1  2  3  4  5  6  7  8 |
---------------+-------------------------+-----
Spellcasting   | 3 4 5 |  5.4
Fighting       | 2 3 |  3.9
Transmutations | 3 4 5 |  5.6
Unarmed Combat | 4 5 6 |  6.2
Dodging        | |  2.0

Action                   |  1- 3 |  4- 6 |  7- 9 || total
-------------------------+-------+-------+-------++-------
Melee: Unarmed           |    52 |    93 |    93 ||   238
       Constrict         |    14 |    34 |    16 ||    64
       Tentacles         |    10 |    16 |    14 ||    40
       Kick              |     9 |    35 |    14 ||    58
       Punch             |     3 |     4 |     3 ||    10
 Cast: Beastly Appendage |    16 |    23 |     9 ||    48
       Spider Form       |       |       |     6 ||     6
  Use: Scroll            |       |     8 |     2 ||    10
       Potion            |       |     4 |       ||     4
 Stab: Sleeping          |     8 |     1 |     4 ||    13
Armor: Skin              |     4 |     7 |     4 ||    15
Dodge: Dodged            |    35 |    76 |   140 ||   251

Table legend: (Time is in decaauts)
 A = Elapsed time spent in this place.
 B = Non-inter-level travel time spent in this place.
 C = Inter-level travel time spent in this place.
 D = Time resting spent in this place.
 E = Time spent auto-exploring this place.
 F = Levels seen in this place.
 G = Mean time per level.
                   A        B        C        D        E       F      G
               +--------+--------+--------+--------+--------+-----+--------+
         Total |   8124 |   7927 |    197 |      6 |   6643 |   7 | 1160.6 |
       Dungeon |   7023 |   6860 |    163 |      6 |   5650 |   6 | 1170.5 |
        Temple |   1101 |   1067 |     34 |      0 |    993 |   1 | 1101.0 |
               +--------+--------+--------+--------+--------+-----+--------+

Top non-repeatable levels by time:
     D:4: 1711 daAuts
     D:2: 1264 daAuts
     D:3: 1236 daAuts
     D:5: 1225 daAuts
  Temple: 1101 daAuts
     D:1: 1086 daAuts
     D:6: 499 daAuts
